AoeStats
← 公鸡神探

Black Forest

507736886Analyzed
4v4 RM · 13d ago on Sep 19, 2026· 56m 49s· 8 players
Game mode
Random Map
Map size
Large (8 player)
Population
200
Speed
Normal
Resources
Standard
Victory
Conquest
Starting age
Dark Age
Ending age
Imperial Age
RankedLock teamsTeams togetherTeam positionsShared explorationLock speedFull tech treeHidden civsTurbo modeCheats
Victory
Defeat
🇨🇳 Japanese · China
1165
+15
🇸🇪 Bohemians · Sweden
1130
+17
🇮🇳 Hindustanis · India
1129
+17
🇳🇱 Persians · Netherlands
1125
+17
🇨🇳 Magyars · China
1172
-17
🇨🇳 Sicilians · China
1158
-17
🇨🇳 Mongols · China
1145
-16
1126
-16
dragonhunter
2:06 Loom
12:16 Feudal Age
13:00 Double-Bit Axe
17:37 Castle Age
16:07 Fishing Lines
17:41 Horse Collar
17:55 Gold Mining
20:21 Gillnets
21:53 Bow Saw
23:42 Wheelbarrow
26:22 Hand Cart
32:47 Imperial Age
32:44 Heavy Plow
32:40 Stone Mining
33:26 Gold Shaft Mining
32:54 Elite Mangudai
33:56 Onager
36:04 Chemistry
35:43 Husbandry
35:55 Bloodlines
35:08 Light Cavalry
36:31 Forging
36:13 Fletching
36:24 Padded Archer Armor
36:31 Scale Barding Armor
37:01 Ballistics
37:34 Conscription
37:04 Hussar
38:23 Iron Casting
37:46 Bodkin Arrow
38:08 Leather Archer Armor
38:54 Drill
38:44 Bracer
39:06 Chain Barding Armor
39:16 Parthian Tactics
43:34 Capped Ram
53:57 Elite Skirmisher
54:43 Caravan
无甲的joe
1:20 Loom
9:37 Feudal Age
17:57 Fletching
29:32 Castle Age
28:01 Scale Mail Armor
27:50 Double-Bit Axe
27:48 Horse Collar
30:41 Chain Mail Armor
33:28 Pikeman
37:00 Forging
36:55 Heavy Plow
42:17 Imperial Age
40:22 Wheelbarrow
39:33 Town Watch
40:03 Bow Saw
41:38 Iron Casting
41:01 Gold Mining
42:03 Arson
42:41 First Crusade
43:30 Plate Mail Armor
44:00 Blast Furnace
44:11 Gold Shaft Mining
43:06 Elite Serjeant
44:07 Conscription
45:14 Blast Furnace
44:37 Capped Ram
45:37 Siege Ram
45:44 Halberdier
50:08 Squires
56:27 Onager
翻斗花园突破手绫小路
12:36 Feudal Age
17:11 Castle Age
15:12 Double-Bit Axe
23:03 Gold Mining
23:04 Stone Mining
23:28 Bow Saw
25:45 Gold Shaft Mining
27:29 Scale Barding Armor
27:35 Forging
28:51 Loom
29:43 Wheelbarrow
28:53 Town Watch
32:47 Imperial Age
31:06 Hand Cart
31:16 Chain Barding Armor
32:36 Iron Casting
32:09 Husbandry
32:40 Loom
34:23 Plate Barding Armor
34:49 Blast Furnace
33:57 Chivalry
34:18 Conscription
33:28 Cavalier
34:28 Elite Throwing Axeman
35:43 #83
35:59 Scale Mail Armor
38:11 Chain Mail Armor
39:56 Plate Mail Armor
40:19 Town Watch
52:54 Paladin
公鸡神探
7:17 Loom
9:44 Feudal Age
11:26 Double-Bit Axe
18:57 Castle Age
21:12 Bow Saw
20:46 Horse Collar
21:44 Wheelbarrow
26:43 Heavy Plow
31:26 Imperial Age
28:55 Gold Mining
31:12 Ballistics
31:06 Bloodlines
30:57 Husbandry
31:43 Coinage
31:30 Thumb Ring
31:20 Fletching
31:31 Padded Archer Armor
31:58 Bodkin Arrow
33:01 Parthian Tactics
33:16 Gold Shaft Mining
32:11 Heavy Cavalry Archer
33:36 Recurve Bow
33:57 Conscription
33:54 Bracer
34:32 Leather Archer Armor
35:28 Chemistry
35:07 Caravan
42:06 Scale Barding Armor
42:02 Elite Magyar Huszar
42:44 Corvinian Army
45:05 Chain Barding Armor
49:49 Banking
51:43 Plate Barding Armor
51:29 Siege Engineers
围家建筑工
0:27 Loom
12:30 Feudal Age
17:59 Castle Age
16:50 Double-Bit Axe
17:16 Horse Collar
17:28 Stone Mining
22:41 Wheelbarrow
25:30 Heavy Plow
33:44 Imperial Age
31:50 Hand Cart
31:21 Town Watch
32:10 Bow Saw
32:14 Scale Mail Armor
32:20 Scale Barding Armor
32:15 Padded Archer Armor
33:48 Chain Mail Armor
33:23 Fletching
33:44 Forging
34:39 Chain Barding Armor
33:41 Pikeman
34:21 Squires
34:07 Arson
34:39 Halberdier
35:12 Fishing Lines
36:24 Plate Mail Armor
36:24 Kataparuto
36:37 Gold Mining
37:58 Gillnets
37:48 Elite Samurai
38:58 Conscription
40:27 Two-Man Saw
41:36 Iron Casting
41:18 Leather Archer Armor
40:58 Bodkin Arrow
41:37 Ballistics
45:55 Blast Furnace
47:25 Elite Samurai
50:55 Chain Barding Armor
51:06 Ring Archer Armor
51:57 Chemistry
54:50 Caravan
55:20 Coinage
XXxCoExXX
8:28 Loom
11:24 Feudal Age
12:11 Double-Bit Axe
16:38 Castle Age
15:01 Bloodlines
18:24 Forging
19:40 Scale Barding Armor
24:34 Husbandry
25:40 Horse Collar
27:46 Stone Mining
27:47 Gold Mining
28:41 Heavy Plow
29:55 Bow Saw
30:48 Chain Barding Armor
33:28 Wheelbarrow
36:07 Iron Casting
35:56 Hand Cart
38:21 Fletching
38:47 Kamandaran
39:00 Padded Archer Armor
41:33 Imperial Age
39:49 Bodkin Arrow
40:09 Leather Archer Armor
39:32 Crossbowman
40:17 Thumb Ring
41:04 Masonry
42:29 Ballistics
42:32 Conscription
41:57 Elite War Elephant
43:31 Plate Barding Armor
43:56 Blast Furnace
43:45 Ring Archer Armor
46:36 Chemistry
46:08 Architecture
49:23 Caravan
Gyllnyllet
0:29 Loom
14:01 Feudal Age
18:30 Double-Bit Axe
18:57 Horse Collar
27:09 Castle Age
29:06 Bow Saw
31:31 Fletching
33:30 Wheelbarrow
34:29 Hand Cart
34:53 Heavy Plow
36:46 Padded Archer Armor
36:41 Bodkin Arrow
38:33 Chemistry
37:54 Ballistics
36:57 Elite Skirmisher
42:24 Imperial Age
41:34 Leather Archer Armor
43:19 Bracer
43:49 Ring Archer Armor
46:22 Two-Man Saw
46:25 Houfnice
57:28 Conscription
57:15 Wagenburg Tactics
Prnv2592
10:30 Feudal Age
10:23 Loom
15:56 Castle Age
13:55 Double-Bit Axe
13:55 Horse Collar
15:21 Fishing Lines
19:45 Bow Saw
20:40 Heavy Plow
22:44 Wheelbarrow
23:43 Gillnets
25:17 Gold Mining
26:55 Hand Cart
29:43 Imperial Age
26:59 Town Watch
27:29 Fletching
27:39 Padded Archer Armor
30:01 Stone Mining
30:43 Forging
30:38 Scale Barding Armor
31:23 Husbandry
31:33 Bloodlines
32:01 Iron Casting
32:11 Gold Shaft Mining
30:59 Heavy Camel Rider
32:52 Chain Barding Armor
32:50 Imperial Camel Rider
35:07 Chemistry
34:14 Siege Engineers
34:19 Masonry
35:27 Plate Barding Armor
36:18 Two-Man Saw
36:54 Blast Furnace
35:50 Bodkin Arrow
37:25 Conscription
37:18 Shatagni
38:32 Bracer
38:47 Leather Archer Armor
41:15 Hoardings
43:49 Caravan
45:23 Grand Trunk Road
46:31 Leather Archer Armor
46:45 Ballistics
46:21 Murder Holes
50:04 Light Cavalry
53:44 Elite Skirmisher
53:49 Hussar
57:06 Ring Archer Armor
Connection lost

Rejoining the realm…

Still unreachable

The connection could not be restored.

Session expired

The server has moved on; the page needs a fresh start.